[Event "2nd Bieszczady Chess-ch A 2022"]
[Site "Bystre"]
[Date "2022.07.18"]
[Round "1.1"]
[White "Kucharski, Bartlomiej"]
[Black "Razin, Vadim"]
[Result "0-1"]
[ECO "A06"]
[WhiteElo "2003"]
[BlackElo "2428"]
[Annotator "TA"]
[PlyCount "108"]
[EventDate "2022.07.17"]
[EventCountry "POL"]
[SourceTitle "playchess.com"]
[Source "ChessBase"]
[SourceQuality "1"]
[TimeControl "5400+30"]

1. Nf3 d5 2. g3 Nf6 3. Bg2 c6 4. d3 Bf5 5. Nbd2 e6 6. O-O Nbd7 7. Re1 Bc5 {[%emt 0:01:20][%cal Oc5f2,Bf8c5,Bc5b6,Bb6a5][%mdl 32] [#] ...Bxf2+! is the strong threat. A07: Réti Opening: New York and Capablanca Systems.} 8. d4 Bb6 {[%emt 0:01:30][%cal Oe6e5] [#]} 9. h3 $146 ({Predecessor:} 9. c4 h6 10. b3 O-O 11. Bb2 Ne4 12. Nxe4 Bxe4 13. Nd2 Bxg2 14. Kxg2 f5 15. c5 {½-½ (47) Correa,L (1904)-Meneses,L (1966) Teresina 2018}) 9... O-O {[%emt 0:01:25] The position is equal.} 10. b3 Ba5 11. Bb2 {[%emt 0:21:43] Inhibits Bc3.} Ne4 12. Qc1 c5 13. c3 Rc8 14. dxc5 (14. Rd1 $11) 14... Ndxc5 $17 (14... Rxc5 $6 15. Nxe4 Bxe4 16. Rd1 $11) 15. Nd4 (15. Nh4 $15) 15... Bg6 16. Rd1 e5 $36 {[%emt 0:08:33][%mdl 2048] White is under strong pressure. Black is more active.} 17. Nxe4 Nxe4 ({Weaker is} 17... Bxe4 18. Nf3 $15) 18. Bxe4 Bxe4 19. Nf3 Qf6 (19... Qd7 $19 20. g4 Bxf3 21. exf3 f5) 20. Qg5 (20. c4 $17) 20... Bxc3 $19 21. Bxc3 Rxc3 ({Not} 21... Qxg5 22. Nxg5 Rxc3 23. Nxe4 dxe4 24. Rd7 $11) 22. Qxf6 gxf6 23. Ne1 {[%emt 0:00:09] [#]} d4 $1 24. Rd2 Rfc8 25. f3 Bg6 26. Kf2 b5 27. Nd3 a5 28. Rad1 Rc2 29. Ke1 Bf5 30. h4 Kg7 31. Kf2 h5 32. Ke1 (32. Ne1 $142 R2c3 33. Nd3) 32... Kg6 33. Kf2 (33. Nb2 $142) 33... Bxd3 34. exd3 {[%emt 0:00:10][%mdl 4096] Endgame KRR-KRR} Kf5 35. Ke2 Ke6 36. Rg1 $2 (36. g4) 36... Rc1 37. Rgd1 (37. Rxc1 $142 Rxc1 38. Rd1 Rc2+ 39. Rd2) 37... f5 38. Ke1 Kd5 39. Rg2 R8c3 {[%emt 0:00:25] aiming for ...Rxd1+.} 40. Rgd2 f6 41. Rxc1 Rxc1+ {[%emt 0:00:00] KR-KR} 42. Kf2 e4 43. dxe4+ fxe4 44. fxe4+ Kxe4 {[%emt 0:00:00] ( -> ...d3)} 45. Re2+ Kd3 {White must now prevent ...Rc2.} 46. Re6 Rc5 47. Rxf6 Kc2 {[%emt 0:00:00] Threatens to win with ...d3.} ({Wrong is} 47... Rc2+ $2 48. Kf3 $19) 48. Rd6 d3 {[%emt 0:00:00] And now ...d2 would win.} 49. Ke3 {[%emt 0:00:19] Against d2} Re5+ 50. Kd4 Re8 {[%emt 0:00:00] Strongly threatening ...d2.} 51. Rc6+ Kd2 52. g4 hxg4 53. h5 Rd8+ 54. Ke4 Ke2 {[%emt 0:00:00] Weighted Error Value: White=0.85/Black=0.11 (very precise)} 0-1

[Event "2nd Bieszczady Chess-ch A 2022"]
[Site "Bystre"]
[Date "2022.07.18"]
[Round "1.2"]
[White "Marszalek, Maciej"]
[Black "Hnatyshyn, Anastasiya"]
[Result "1-0"]
[ECO "A06"]
[WhiteElo "2268"]
[BlackElo "1931"]
[Annotator "TA"]
[PlyCount "119"]
[EventDate "2022.07.17"]
[EventCountry "POL"]
[SourceTitle "playchess.com"]
[Source "ChessBase"]
[SourceQuality "1"]
[TimeControl "5400+30"]

1. Nf3 d5 2. c4 c6 3. g3 Nf6 4. Bg2 g6 5. b3 Bg7 6. Bb2 O-O 7. O-O Bf5 8. d3 Re8 {[%emt 0:03:49] 8...a5 is the modern continuation.} 9. Nbd2 Na6 {[%emt 0:10:22] A11: English Opening: 1...c6.} 10. Rc1 Rc8 {[%emt 0:00:48] [#]} 11. a3 $146 ({Predecessor:} 11. Qc2 Bg4 12. h3 Bxf3 13. Nxf3 Nh5 14. Bxg7 Kxg7 15. Qc3+ Kg8 16. e3 e6 17. Ne5 {1-0 (42) Bernhoeft,E (2096)-Patzer,J Gladenbach 1999}) 11... Qd6 {[%emt 0:06:58] White is slightly better.} 12. d4 Be4 13. Nxe4 Nxe4 14. Qd3 Red8 15. Rfd1 e6 16. e3 Qe7 17. Qe2 Nc7 18. Ne5 Nd6 19. Bc3 Na6 20. Ba5 Re8 21. Be1 Red8 22. cxd5 cxd5 {[%emt 0:00:13] [#]} 23. Nc6 $1 {[%emt 0:00:18] White is more active.} bxc6 (23... Rxc6 24. Rxc6) 24. Qxa6 Qb7 25. Qxb7 Nxb7 26. Bf1 Rc7 27. Ba6 Rb8 28. Rc2 ({Don't play} 28. Bb4 Bf8 $14) 28... Bf8 29. b4 Nd6 30. Rdc1 Rb6 31. Bf1 Rc8 (31... Ne8 $16 32. b5 Bxa3) 32. a4 $18 Ne4 (32... Ra8 $142 33. a5 (33. Rxc6 Nc4 $18) 33... Rbb8 34. Rxc6 Kg7) 33. b5 c5 34. f3 Bh6 35. fxe4 Bxe3+ 36. Kg2 Bxc1 37. Rxc1 c4 38. exd5 exd5 39. Bb4 Re6 40. Bc5 a6 (40... Rc7 $142 41. Kf2 Rf6+ 42. Kg1 Re6) 41. b6 Re3 (41... a5 {was called for.} 42. Kf2 Rf6+ 43. Kg1 Rb8) 42. Rb1 Rb8 43. Kf2 Rc3 44. Bg2 Rc2+ 45. Kf1 c3 46. Bxd5 Rd2 {[%emt 0:00:00] [#] White must now prevent ...c2.} 47. Rc1 c2 {[%emt 0:00:00] aiming for ...Rd1+.} 48. Bb3 Rxh2 49. Rxc2 Rh1+ 50. Kg2 Ra1 51. Rf2 Rb1 52. Bxf7+ Kg7 53. Bd5 Rd8 54. Bc6 {[%emt 0:00:00] Strongly threatening b7.} Rb8 55. b7 {[%emt 0:00:00] Hoping for Bd6.} R8xb7 56. Bxb7 Rxb7 57. a5 (57. Bf8+ $142 Kg8 58. Bc5 Kg7 59. d5 Rb8 60. d6 Rd8 61. Kh3 Kg8 62. Rf6) 57... Rb5 {[%emt 0:00:21] White is clearly winning.} 58. Bb6 Rd5 59. Rc2 Rb5 60. Kf3 {[%emt 0:00:41] Weighted Error Value: White=0.21 (precise) /Black=0.43} 1-0

[Event "2nd Bieszczady Chess-ch A 2022"]
[Site "Bystre"]
[Date "2022.07.18"]
[Round "1.3"]
[White "Wilk, Tomasz"]
[Black "Tymrakiewicz, Rafal"]
[Result "1-0"]
[ECO "B03"]
[WhiteElo "1900"]
[BlackElo "2205"]
[Annotator "TA"]
[PlyCount "121"]
[EventDate "2022.07.17"]
[EventCountry "POL"]
[SourceTitle "playchess.com"]
[Source "ChessBase"]
[SourceQuality "1"]
[TimeControl "5400+30"]

1. e4 Nf6 2. e5 Nd5 3. d4 d6 4. c4 Nb6 5. exd6 cxd6 6. Nc3 g6 7. Be3 Bg7 8. Rc1 O-O 9. Nf3 Bg4 10. Be2 {[%emt 0:02:35] B04: Alekhine's Defence: 4 Nf3.} e6 11. O-O {[%emt 0:07:04] [#]} d5 $146 ({Predecessor:} 11... Nc6 12. b3 d5 13. c5 Nc8 14. Qd2 N8e7 15. Ne1 Bxe2 16. Nxe2 Nf5 17. Nc2 b6 18. Rfd1 bxc5 19. dxc5 Nxe3 20. Qxe3 Qa5 21. Ncd4 Nxd4 22. Nxd4 Qxa2 {1-0 (40) Zyla,L (1852)-Esser,M (2040) Nordrheinwestfalen 2019}) 12. c5 {[%emt 0:02:23] The position is equal.} Nc8 (12... Bxf3 $5 13. Bxf3 Nc4 $11) 13. Ne5 Bxe2 14. Qxe2 Nc6 15. Nxc6 bxc6 16. b4 Ne7 17. a4 Nf5 18. Rfd1 (18. Qd2 $11) 18... e5 $1 $15 19. dxe5 Bxe5 20. b5 d4 (20... Qh4 21. g3 Qf6 22. Qd2 $14) (20... Re8 $1 $17 {Strongly threatening ...d4.} 21. Qf3 Qh4) 21. Bd2 $1 $11 Qc7 (21... dxc3 22. Bxc3 Bd4 23. Bxd4 $16) 22. Ne4 Bxh2+ 23. Kh1 {[%emt 0:01:40][%cal Ob5b6] Black must now prevent b6!} Be5 24. Nd6 Bxd6 ({Weaker is} 24... Nxd6 25. Qxe5 Ne8 26. Qxd4 $16) 25. cxd6 Qxd6 {[%emt 0:00:27] Threatens to win with ...c5.} 26. Rxc6 Qd5 27. Qc4 {[%emt 0:00:49] Inhibits Qb3.} Qe4 (27... Ng3+ $11 28. Kh2 Qe5 $1) 28. Bb4 (28. Re1 $1 $14 {stays ahead.} Qh4+ 29. Kg1) 28... Rfd8 $2 (28... Nh4 $1 $17 {[%csl Gh4][%cal Re4g2] and life is bright.} 29. Qf1 Rfe8) 29. Rc7 $16 {[%emt 0:00:34] Really sharp!} Qh4+ 30. Kg1 Qf6 31. Bc5 {[%emt 0:00:19] White is much more active.} (31. a5 $16) 31... d3 $1 $11 32. Rxa7 ({Not} 32. Rxd3 $2 Qa1+ 33. Kh2 Qe5+ 34. g3 Qxc7 $19) 32... Rac8 (32... Rxa7 $11 33. Bxa7 Qe7) 33. Qb4 $4 {[%emt 0:01:31][%mdl 8192] [#]} (33. b6 $18 {is the narrow road to win.}) 33... Qe5 $1 $19 34. Qb3 {[%emt 0:00:49] [#]} Rd5 $2 ({Black should try} 34... Qe8 $1 $19 35. Bb6 (35. Bb4 $2 Nd4 $19) 35... Rd6) 35. b6 $1 $36 {[%emt 0:01:02][%mdl 2048] White is more active.} d2 (35... Rcxc5 $2 36. b7 Rb5 37. axb5 $18) (35... Kg7 $1 $11 {feels stronger.} 36. f4 Qe4) 36. b7 $14 Re8 {[%emt 0:00:42][%mdl 8192] [#] White leaves nothing to chance now.} (36... Rb8 $14 37. Bb4 Nd4) 37. Ra8 $1 $18 Rdd8 38. Rxd8 Rxd8 39. Ba7 Qe1+ 40. Kh2 Qe5+ 41. g3 Nd4 42. b8=Q Qh5+ 43. Kg2 Nxb3 44. Qxd8+ Kg7 45. Bd4+ Kh6 46. Be3+ Kg7 47. Bd4+ Kh6 48. Qf8+ Kg5 49. Be3+ Kf6 50. Qd6+ Kg7 51. Rxd2 Nxd2 52. Qxd2 (52. Bd4+ $142 Kh6 53. Qf8+ Kg5 54. Qxf7 Qf3+ 55. Qxf3 Nxf3 56. Kxf3 Kf5 57. a5) 52... g5 53. Qd4+ {[%emt 0:00:00] White mates.} Kg6 54. Qe4+ Kh6 55. Qf5 f6 56. Qxf6+ Qg6 57. Qxg6+ hxg6 58. a5 Kh5 59. a6 g4 60. a7 g5 61. a8=Q {[%emt 0:00:00] Weighted Error Value: White=0.45/Black=0.58} 1-0

[Event "2nd Bieszczady Chess-ch A 2022"]
[Site "Bystre"]
[Date "2022.07.18"]
[Round "1.4"]
[White "Dzwierzynski, Bartosz"]
[Black "Maksimenko, Andrei Jr"]
[Result "1-0"]
[ECO "A57"]
[WhiteElo "2129"]
[BlackElo "1897"]
[Annotator "TA"]
[PlyCount "99"]
[EventDate "2022.07.17"]
[EventCountry "POL"]
[SourceTitle "playchess.com"]
[Source "ChessBase"]
[SourceQuality "1"]
[TimeControl "5400+30"]

1. d4 Nf6 2. c4 c5 3. d5 b5 4. Qc2 b4 5. e4 d6 6. f4 {[%emt 0:01:31] A57: Benko/Volga Gambit.} Qc7 7. Nf3 Bg4 8. Nbd2 {[%emt 0:02:08] [#] White is slightly better.} e6 $146 ({Better is} 8... g6 $14) ({Predecessor:} 8... e5 9. dxe6 Bxe6 10. Bd3 Nc6 11. O-O Be7 12. b3 Ng4 13. Re1 Bf6 14. Bb2 Bxb2 15. Qxb2 {1-0 (32) Bulajic,R (2270)-Djokic,N (2335) Vrnjacka Banja 1996}) 9. Be2 Be7 10. O-O O-O 11. h3 Bxf3 12. Bxf3 {[%emt 0:00:08][%cal Oe4e5] Hoping for e5!} Ne8 13. e5 {[%emt 0:05:50] Strongly threatening dxe6.} exd5 14. cxd5 Nd7 15. Nc4 (15. Re1 $16) 15... Nb6 16. b3 $36 {[%emt 0:13:24][%mdl 2048] White is really pushing. White is much more active.} Rd8 17. Nxb6 (17. Bb2 {with more complications.} dxe5 18. Bxe5 Bd6 19. Nxd6 Nxd6 20. Rac1) 17... Qxb6 18. Kh1 Nc7 19. Rd1 Rfe8 (19... Nb5 $142) 20. Be4 h6 $2 {[%emt 0:04:19] Loses the game.} (20... g6 $16) 21. Bb2 $1 $18 {[%emt 0:00:26][%cal Oe5e6] And now e6! would win.} Bf8 22. Rd3 Nb5 23. Qe2 Nc3 (23... dxe5 {might work better.} 24. fxe5 Nd6) 24. Bxc3 bxc3 25. e6 {[%emt 0:00:25] aiming for Qh5.} (25. Rxc3 dxe5 26. fxe5 g6 $16) 25... fxe6 26. dxe6 (26. Qh5 $142 c4 27. Qg6 $1 cxd3 28. dxe6 Rxe6 29. Qxe6+ Kh8 30. Qf5) 26... Qb4 $2 (26... c4 27. bxc4 (27. Rxc3 d5 $16) 27... Qb2) 27. a3 Qb5 28. Bd5 $2 (28. Qg4 {White threatens Qg6 and mate.} Qxb3 29. Qf5 Qxe6 30. Bd5 Qxd5 31. Qxd5+ Kh8 32. Rxc3) 28... Be7 29. Qf3 Rf8 30. Rxc3 Rf6 31. Qg4 {[%emt 0:02:13] Rg3 is the strong threat.} Qe8 32. Rf1 Qf8 33. f5 Rb8 34. Rcf3 Qd8 35. Qa4 a5 36. Rf4 Kh8 37. R1f3 Rf8 38. Rg4 Bf6 39. Rg6 Re8 40. Rfg3 Qe7 (40... Rf8 {was necessary.} 41. Qe4 Qe7) 41. Qxa5 Be5 42. Rf3 {[%emt 0:00:00][%cal Of5f6] Black must now prevent f6!} Rf8 {[%emt 0:00:00] Against f6} 43. Qa4 Rbc8 44. Qg4 Rc7 $2 (44... Rb8 45. Qe4 Rb6) 45. Qh5 {[%emt 0:00:40][%cal Of5f6] Threatens to win with f6!} Ra7 46. a4 (46. f6 $142 Rxf6 47. Rgxf6 Bxf6 48. Qg6) 46... Ra5 47. g4 (47. f6 $142 Rxf6 48. Rgxf6 Bxf6 49. Qg6 Qd8 50. Be4 Kg8 51. Qf7+ Kh8 52. Rxf6 $1 ) 47... Bf6 48. h4 Bxh4 {[%emt 0:00:57] [#]} 49. Rh3 (49. Rxh6+ $142 $1 gxh6 50. Qxh6+ Kg8 51. Rh3 c4 52. Rxh4 Qxh4+ 53. Qxh4 Rxd5 54. Qg5+ Kh7 55. e7) 49... Bg5 50. Qxg5 {[%emt 0:00:27] Weighted Error Value: White=0.47/Black=0.60} 1-0

[Event "2nd Bieszczady Chess-ch A 2022"]
[Site "Bystre"]
[Date "2022.07.18"]
[Round "1.5"]
[White "Janzer, Hubert"]
[Black "Bugajski, Robert"]
[Result "1-0"]
[ECO "D86"]
[WhiteElo "1839"]
[BlackElo "2075"]
[Annotator "TA"]
[PlyCount "60"]
[EventDate "2022.07.17"]
[EventCountry "POL"]
[SourceTitle "playchess.com"]
[Source "ChessBase"]
[SourceQuality "1"]
[TimeControl "5400+30"]

1. d4 Nf6 2. c4 g6 3. Nc3 d5 4. cxd5 Nxd5 5. e4 Nxc3 6. bxc3 Bg7 7. Bc4 c5 8. Ne2 Nc6 9. d5 {[%emt 0:06:10] D86: Exchange Grünfeld: Classical Line (7 Bc4).} Ne5 {[%emt 0:06:27] [#]} 10. f4 $146 ({Predecessor:} 10. Bb3 Qa5 11. O-O O-O 12. a4 e6 13. c4 Bd7 14. Rb1 exd5 15. f4 Ng4 16. h3 {½-½ (16) Lins,T (2460)-Morozov,D (2481) ICCF email 2019}) 10... Nxc4 $17 11. Qa4+ {[%emt 0:03:51] [#] Black is better.} Qd7 $1 12. Qxc4 b6 13. Rb1 (13. a4 $17) 13... e6 $19 14. O-O exd5 15. exd5 O-O 16. f5 Re8 (16... gxf5 17. Ng3 $11) 17. Ng3 Bb7 (17... gxf5 18. Qd3 (18. Nxf5 $2 Qxf5 19. Rxf5 Bxf5 $19) 18... c4 19. Qf3 $11 (19. Qxc4 Re5 $11)) 18. fxg6 (18. Rd1 $17 {was necessary.}) 18... hxg6 ({Inferior is} 18... fxg6 19. Rd1) 19. d6 Qe6 20. Qd3 Rad8 ({Avoid the trap} 20... Qxa2 $2 21. Rb2 Qa6 22. c4 $19) 21. Bf4 Qxa2 {[%emt 0:09:20][%csl Gb7][%cal Ra2g2] [#]} 22. Rf2 Qa4 $40 {[%emt 0:03:57][%mdl 128] Black wants a kill.} 23. Bg5 (23. h4 {was worth a try.}) 23... Rd7 24. Rbb2 $2 (24. Bf4) 24... Re1+ {[%emt 0:04:08] Black is clearly winning.} 25. Nf1 Ba6 {[%emt 0:06:15] This bishop pair is nice.} 26. Qf3 Bxf1 27. Rxf1 Rxf1+ 28. Qxf1 Bxc3 29. Re2 (29. Rb1 $142 Qd4+ 30. Kh1) 29... Rxd6 {[%emt 0:00:50] Strongly threatening ...Rd1.} 30. Qf3 Bd4+ {[%emt 0:02:39][%mdl 32768] White got outplayed after the opening.  Weighted Error Value: White=0.61/Black=0.10 (very precise) . Loss on time!?} 1-0

[Event "2nd Bieszczady Chess-ch A 2022"]
[Site "Bystre"]
[Date "2022.07.18"]
[Round "1.6"]
[White "Kasperek, Ryszard"]
[Black "Palacki, Rafal"]
[Result "1-0"]
[ECO "B31"]
[WhiteElo "2058"]
[BlackElo "1832"]
[Annotator "TA"]
[PlyCount "89"]
[EventDate "2022.07.17"]
[EventCountry "POL"]
[SourceTitle "playchess.com"]
[Source "ChessBase"]
[SourceQuality "1"]
[TimeControl "5400+30"]

1. e4 c5 2. Nf3 Nc6 3. Bb5 g6 4. O-O Bg7 5. Re1 e5 6. Bxc6 dxc6 7. d3 Ne7 8. Be3 b6 {[%emt 0:00:07] B31: Sicilian: 2...Nc6 3 Bb5 g6.} 9. Nbd2 h6 10. Nc4 Qc7 {[%emt 0:00:37] [#] White is slightly better.} 11. a3 $146 ({Predecessor:} 11. a4 Be6 12. a5 O-O 13. b3 g5 14. Ra2 f5 15. exf5 Nxf5 16. Qe2 Bf7 17. h3 {0-1 (34) Bernotas,A (2292)-Narmontas,M (2409) Panevezys 2012}) 11... Be6 12. b4 cxb4 13. axb4 {[%emt 0:00:07][%cal Oe3b6] And now Bxb6! would win.} O-O 14. Nfd2 (14. Ra3 $14) 14... f5 $15 15. f3 f4 16. Bf2 g5 17. Ra3 Rad8 18. Qe2 h5 (18... Nc8 $15 {keeps the upper hand.}) 19. Rea1 $16 Nc8 {[%emt 0:01:52] [#]} 20. Rxa7 $1 Nxa7 21. Bxb6 Qf7 22. Rxa7 Rd7 23. Ra6 g4 24. Bc5 Rfd8 25. Rxc6 {[%emt 0:08:37] White is more active.} (25. Na5 $142) 25... Ra8 26. Na5 (26. Qf1 $16) 26... Rc7 $11 27. Rxc7 $1 Qxc7 28. Nab3 Ra2 29. Nc4 Bf8 30. g3 (30. Bxf8 $11 {keeps the balance.} Kxf8 31. Kf1) 30... Bxc5+ $17 31. bxc5 (31. Nxc5 $2 Ra1+ 32. Kf2 gxf3 33. Qxf3 Bg4 $19) 31... Qb8 32. Qd2 (32. Qd1 $17) 32... gxf3 $19 {[%emt 0:04:50][%cal Oa2a1] Threatens to win with ...Ra1+!} 33. Kf2 (33. Qc3 $17 fxg3 34. hxg3) 33... Qd8 34. Qc3 (34. Kxf3 $142 fxg3 35. Qh6 (35. hxg3 $2 Qf6+ 36. Kg2 h4 $19) 35... Qf8+ 36. Qxf8+ Kxf8 37. Kxg3 Bxc4 38. dxc4) 34... Kh7 $2 (34... fxg3+ $1 $19 35. hxg3 h4 36. Nxe5 hxg3+ 37. Kxg3 Qg5+ 38. Kxf3 Ra8) 35. Nxe5 {[%emt 0:01:19] Pair of Knights!} fxg3+ 36. hxg3 {[%emt 0:00:00] The board is on fire.} h4 {[%emt 0:00:54] Hoping for ...hxg3+.} 37. Nxf3 hxg3+ {[%emt 0:00:25] [#]} (37... Qg8 $11 {and Black stays safe.} 38. Ke3 (38. gxh4 Bxb3 39. Qe5 Rxc2+ 40. Ke3 Qc8 $11) 38... Qxg3) 38. Kxg3 $2 ({White has to play} 38. Kg2 $1 $18) 38... Qg8+ $1 $11 39. Kf4 {[%emt 0:00:08] aiming for Qf6.} Qf8+ 40. Ke3 {[%emt 0:00:00] Ng5+ is the strong threat.} Qh6+ {[%emt 0:00:00] [#]} (40... Bxb3 $14 41. Qxb3 (41. cxb3 Qh6+ 42. Kd4 Qf6+ 43. Ne5 Qd8+ 44. Ke3 Qg5+ 45. Kd4 Qd8+ 46. Ke3 Qg5+ 47. Kd4 Qd8+ $11) 41... Qxc5+ 42. d4 Qxc2 43. Qf7+ (43. Qxc2 Rxc2 44. Ne5 Kh6 $14) 43... Kh8 44. Qf8+ (44. Kf4 Qc1+ 45. Ke5 Ra5+ 46. d5 Ra6 $16) 44... Kh7 45. Qf7+ (45. Kf4 Qc7+ 46. Kg4 Rg2+ 47. Kh5 Rh2+ 48. Nxh2 Qxh2+ 49. Kg4 Qg2+ 50. Kh5 Qh2+ 51. Kg5 Qg1+ 52. Kf6 Qxd4+ 53. e5 Qf4+ 54. Ke7 Qxe5+ 55. Kf7 Qf5+ 56. Ke8 Qxf8+ 57. Kxf8 $11) 45... Kh8 46. Qe8+ (46. Kf4 Qc1+ 47. Ke5 Ra5+ 48. d5 Ra6 $16) 46... Kg7 47. Qe7+ Kg8 48. Qd8+ (48. Kf4 Ra6 $14) 48... Kg7 49. Qe7+ (49. Kf4 Ra6 $14) 49... Kg8 50. Qe8+ (50. Kf4 Ra6 $14) 50... Kh7 51. Qf7+ (51. Kf4 Qc1+ 52. Kf5 Rf2 $11)) 41. Kf2 $1 $18 {[%emt 0:00:00] Black must now prevent Nbd4.} ({Don't play} 41. Ke2 $6 Bg4 $16) 41... Ra8 $2 (41... Bg4 $16 {might work better.}) 42. Qd2 Qf6 43. Qg5 Qf7 (43... Qg6 {was called for.} 44. Qe7+ Kg8) 44. Nbd4 {[%emt 0:00:00] Strongly threatening Qh4+.} Ra2 45. Ke3 {[%emt 0:00:00] What a bad dream for Black.  Weighted Error Value: White=0.29 (precise) /Black=0.45} 1-0

[Event "2nd Bieszczady Chess-ch A 2022"]
[Site "Bystre"]
[Date "2022.07.18"]
[Round "1.7"]
[White "Kopacz, Lukasz"]
[Black "Babiarz, Arkadiusz"]
[Result "1/2-1/2"]
[ECO "A13"]
[WhiteElo "1821"]
[BlackElo "2027"]
[Annotator "TA"]
[PlyCount "111"]
[EventDate "2022.07.17"]
[EventCountry "POL"]
[SourceTitle "playchess.com"]
[Source "ChessBase"]
[SourceQuality "1"]
[TimeControl "5400+30"]

1. c4 e6 2. Nf3 d5 3. b3 Nf6 4. Bb2 c6 5. g3 Nbd7 6. Bg2 Bd6 7. O-O e5 {[%emt 0:07:39] A13: English Opening: 1...e6.} 8. d3 Qe7 (8... O-O $11) 9. e3 O-O 10. Nc3 Nb6 {[%emt 0:05:22] [#]} 11. h3 $146 ({Predecessor:} 11. Re1 Bg4 12. Qc2 Rad8 13. c5 Bxc5 14. Nxe5 Bh5 15. Ne2 Bb4 16. Rec1 Bd6 17. d4 {0-1 (37) Rasmussen,J-Bogdanovich,G (2355) Copenhagen 1991}) 11... h6 12. Qe2 Re8 13. e4 (13. cxd5 $11 Nbxd5 14. Ne4) 13... dxc4 ({Better is} 13... d4 $17 14. Nb1 a5) 14. dxc4 Be6 15. Rfd1 Rad8 16. Rd2 a5 17. Rad1 Bc7 18. Rxd8 Rxd8 19. Rxd8+ Qxd8 20. Qd2 Qe7 21. Ne1 a4 22. Nc2 axb3 23. axb3 Qd7 24. Qxd7 Nbxd7 25. Ba3 {[%emt 0:01:08] Prevents Nc5.} Bb6 26. Kf1 Nc5 27. Bxc5 Bxc5 28. Nd1 Kf8 29. Ke2 Ke7 30. Nde3 g6 31. b4 Ba7 32. Kd3 Nh5 33. Bf1 f5 34. exf5 gxf5 35. Be2 Nf6 36. f4 {[%emt 0:03:36] [#]} Ne4 $1 37. fxe5 Nxg3 {[%emt 0:00:02] White must now prevent ...f4.} 38. Bf3 f4 39. Ng4 Bf5+ 40. Kd2 {[%emt 0:00:00] [#]} h5 $1 41. Nf6 Bxh3 42. Nxh5 Nxh5 43. Bxh5 $17 {[%emt 0:00:00][%mdl 4096] Endgame KBB-KBN} Ke6 44. Bf3 Bf1 (44... Kxe5 $17 {And now ...Bg1 would win.} 45. b5 Bd7) 45. b5 $1 $15 cxb5 46. cxb5 Bxb5 {[%emt 0:00:11] Strongly threatening ...Ba6.} 47. Bxb7 Kxe5 48. Bf3 Kf5 (48... Bb6 $5 49. Ne1 Bg1 $11) 49. Ke1 Bc5 50. Kd1 $1 Kg5 51. Ne1 Kh4 52. Be4 Kg3 {[%emt 0:00:17] ...Be7 is the strong threat.} 53. Nd3 f3 54. Bxf3 $1 Bxd3 55. Be2 Bxe2+ 56. Kxe2 {[%emt 0:00:07] Whites escaped into a draw.  Weighted Error Value: White=0.11 (very precise) /Black=0.11 (very precise)} 1/2-1/2

[Event "2nd Bieszczady Chess-ch A 2022"]
[Site "Bystre"]
[Date "2022.07.18"]
[Round "1.8"]
[White "Sygulski, Piotr"]
[Black "Karvatskyi, Oleksii"]
[Result "1-0"]
[ECO "D78"]
[WhiteElo "2013"]
[BlackElo "1804"]
[Annotator "TA"]
[PlyCount "53"]
[EventDate "2022.07.17"]
[EventCountry "POL"]
[SourceTitle "playchess.com"]
[Source "ChessBase"]
[SourceQuality "1"]
[TimeControl "5400+30"]

1. d4 Nf6 2. Nf3 g6 3. g3 d5 4. Bg2 Bg7 5. c4 c6 6. O-O O-O 7. Qb3 Nbd7 8. cxd5 cxd5 9. Nc3 Nb6 10. Ne5 {[%emt 0:03:06] D78: Fianchetto Grünfeld: 6 0-0 c6.} Be6 11. a4 Rb8 (11... a5 $14) 12. Rd1 {[%emt 0:07:37] [#] White is much more active. The black rooks are badly placed. White is better.} Nc4 $146 ({Predecessor:} 12... Ne8 13. Bf4 g5 14. Be3 f6 15. a5 Na8 16. Nd3 Nec7 17. Nb4 Qd7 {1-0 (41) Schnitzspan,L (2287)-Hoeck,R (2064) Bad Homburg 2008}) 13. Nxc4 dxc4 14. Qa3 {[%emt 0:00:18] Strongly threatening Bf4.} Qd7 15. Qb4 Nd5 16. Nxd5 (16. Qxc4 $2 Ne3 $1 17. Qb5 Nxd1 18. Qxd7 Bxd7 $19) 16... Bxd5 17. e4 Be6 18. Bf4 Rbc8 19. Rac1 (19. a5 $16) 19... f5 $2 {[%emt 0:06:18][%mdl 8192] [#] Loses the game.} (19... Bxd4 20. Be3 Bxe3 21. Rxd7 Bxc1 22. Rxb7 $16 (22. Rxe7 c3 $16)) ({Black should try} 19... a5 $14 20. Qa3 (20. Qxa5 Ra8 $11) 20... Rfe8) 20. d5 $1 $18 Bf7 21. e5 {[%emt 0:01:19] e6 is the strong threat.} (21. Rxc4 Rxc4 22. Qxc4 Rc8 $16) 21... Qd8 $2 (21... e6 22. d6 (22. Rxc4 Rxc4 23. Qxc4 exd5 $18) 22... Be8) 22. e6 {[%emt 0:01:44] White is clearly winning.} Be8 23. Rxc4 Rxc4 24. Qxc4 {[%emt 0:00:02] Threatens to win with d6.} Bxb2 25. d6 {[%emt 0:00:11] Black must now prevent d7.} Ba3 26. d7 g5 27. Bc7 {[%emt 0:00:05] Weighted Error Value: White=0.15 (very precise) /Black=0.74} 1-0